 Dungeon Crawl Stone Soup version 0.29-a0-559-g359e09b9d1 (webtiles) character file.

Game seed: 111562527848903153

63380 zishaf the Whirler (level 14, -1/68 HPs)
             Began as a Spriggan Hunter on June 9, 2022.
             Was a High Priest of Hepliaklqana.
             Killed by divine providence
             ... invoked by a meliai
              (10 damage)
             ... on level 12 of the Dungeon.
             The game lasted 00:55:45 (30511 turns).

zishaf the Whirler (Spriggan Hunter)               Turns: 30511, Time: 00:55:46

Health: -1/68      AC: 10    Str:  7    XL:     14   Next: 67%
Magic:  23/33      EV: 27    Int: 15    God:    Hepliaklqana [*****.]
Gold:   1560       SH:  0    Dex: 26    Spells: 20/25 levels left

rFire   . . .      SeeInvis +   b - +6 dagger of the Heart {drain, rElec rN+ MP+9}
rCold   . . .      Faith    +   (no shield)
rNeg    + . .      Spirit   .   R - +0 steam dragon scales
rPois   +          Reflect  .   (helmet restricted)
rElec   +          Harm     .   o - +0 cloak
rCorr   .          Rampage  .   (gloves unavailable)
Will    ++...                   (boots unavailable)
Stlth   ++++......              y - amulet "Akhor" {Faith rElec Int+5}
HPRegen 0.21/turn               j - +4 ring of protection
MPRegen 0.23/turn               z - ring of poison resistance

@: about to teleport, very quick
A: reduced essence, very small, no large weapons, unfitting armour, see
invisible, speed 3, thin skeletal structure 1
a: Renounce Religion, Recall Ancestor, Ancestor Identity, Transference, Idealise


You were on level 12 of the Dungeon.
You worshipped Hepliaklqana.
Hepliaklqana was extremely pleased with you.
You visited 3 branches of the dungeon, and saw 19 of its levels.
You also visited: Volcano.

You collected 1560 gold pieces.

Inventory:

Hand Weapons
 a - a +2 hunting sling
 b - the +6 dagger of the Heart (weapon) {drain, rElec rN+ MP+9}
   (You found it on level 6 of the Dungeon)

   A truly terrible weapon, it drains the life of any living foe it strikes.
   rElec:     It insulates you from electricity.
   rN:        It protects you from negative energy.
   MP:        It affects your magic capacity (+9).
Armour
 o - a +0 cloak (worn)
 J - a +0 robe of fire resistance
 N - a +1 robe of cold resistance
 R - +0 steam dragon scales (worn)
 V - +0 fire dragon scales
 Y - +0 acid dragon scales
Magical Staves
 w - a staff of earth
Jewellery
 i - an amulet of reflection
 j - a +4 ring of protection (left hand)
 x - a ring of wizardry
 y - the amulet "Akhor" (around neck) {Faith rElec Int+5}
   (You found it on level 6 of the Dungeon)

   [amulet of faith]

   It allows you to gain divine favour quickly.
   Int:       It affects your intelligence (+5).
   rElec:     It insulates you from electricity.
 z - a ring of poison resistance (right hand)
 M - a ring of ice
 P - a +4 ring of evasion
Wands
 r - a wand of charming (4)
 E - a wand of mindburst (2)
 G - a wand of acid (6)
 H - a wand of iceblast (5)
 K - a wand of digging (7)
 O - a wand of flame (8)
 Z - a wand of paralysis (4)
Scrolls
 c - 2 scrolls of immolation
 d - 3 scrolls of amnesia
 e - 3 scrolls of summoning
 q - a scroll of magic mapping
 t - 5 scrolls of enchant armour
 B - 5 scrolls of fog
 C - 5 scrolls of teleportation
 D - a scroll of poison
 I - 8 scrolls of identify
 L - 3 scrolls of blinking
 Q - 2 scrolls of fear
Potions
 f - 5 potions of heal wounds
 g - 5 potions of might
 h - 7 potions of lignification
 k - 4 potions of mutation
 l - 3 potions of ambrosia
 m - 4 potions of resistance
 n - 4 potions of brilliance
 p - 2 potions of invisibility
 s - 2 potions of magic
 u - 4 potions of haste
 v - 9 potions of curing
 A - a potion of attraction
 S - a potion of cancellation
 T - a potion of berserk rage
 X - 2 potions of flight {unknown}


   Skills:
 + Level 9.9 Fighting
 - Level 8.0 Short Blades
 - Level 16.0 Slings
 + Level 9.1 Dodging
 - Level 4.0 Stealth
 + Level 6.2 Spellcasting
 + Level 12.6 Earth Magic
 - Level 8.0 Invocations
 + Level 6.3 Evocations


You had 20 spell levels left.
You knew the following spells:

 Your Spells              Type           Power      Damage    Failure   Level
a - Lee's Rapid Deconstr  Erth           21%        3d13*     2%          5

Your spell library contained the following spells:

 Spells                   Type           Power      Damage    Failure   Level
 Magic Dart               Conj           16%        1d3       14%         1
 Summon Small Mammal      Summ           16%        N/A       14%         1
 Call Imp                 Summ           4%         N/A       22%         2
 Call Canine Familiar     Summ           4%         N/A       41%         3
 Gell's Gravitas          Tloc           4%         N/A       41%         3
 Mephitic Cloud           Conj/Pois/Air  4%         N/A       41%         3
 Ozocubu's Armour         Ice            4%         N/A       41%         3
 Portal Projectile        Hex/Tloc       8%         N/A       41%         3
 Summon Guardian Golem    Hex/Summ       4%         N/A       41%         3
 Tukima's Dance           Hex            4%         N/A       41%         3
 Fulminant Prism          Conj/Hex       2%         3d6       82%         4
 Iskenderun's Mystic Bla  Conj/Tloc      4%         2d3       82%         4
 Blade Hands              Tmut           2%         N/A       99%         5
 Irradiate                Conj/Tmut      2%         3d14      99%         5
 Manifold Assault         Tloc           4%         N/A       99%         5
 Metabolic Englaciation   Hex/Ice        2%         N/A       99%         5
 Simulacrum               Ice/Necr       2%         N/A       100%        6


Dungeon Overview and Level Annotations

Branches:
Dungeon (12/15)            Temple (1/1) D:7            Lair (6/6) D:9
 Shoals (0/4) Lair:3       Spider (0/4) Lair:2        Slime (0/5) Lair:6
    Orc (0/2) D:10        Volcano (visited)

Altars:
Ashenzari
Cheibriados
Dithmenos
Elyvilon
Fedhas
Gozag
Hepliaklqana
Kikubaaqudgha
Makhleb
Nemelex Xobeh
Okawaru
Qazlal
Ru
Sif Muna
Trog
Uskayaw
Vehumet
Wu Jian
Xom
Yredelemnul
Zin
The Shining One

Annotations:
D:6 dig


Innate Abilities, Weirdness & Mutations

Your life essence is reduced to manifest your ancestor. (-10% HP)
You are very small and have problems with some larger weapons.
You are too small for most types of armour.
You have supernaturally acute eyesight. (SInv)
You cover ground extremely quickly. (Speed+++)
You have a somewhat thin skeletal structure. (Dex +2, Stealth+)


Message History

The killer bee stings Sinnashi.
Unknown command.
The meliai invokes the aid of its god against you.
Something smites you!
* * * LOW HITPOINT WARNING * * *
The killer bee stings Sinnashi.
The killer bee closely misses Sinnashi.
Sinnashi hits the killer bee with a +0 dagger of draining!!
The killer bee dies!
Unknown command.
The killer bee closely misses Sinnashi.
Sinnashi misses the killer bee.
The meliai hits Sinnashi with a +0 hand axe.
The meliai barely misses Sinnashi.
The killer bee stings Sinnashi but does no damage.
Sinnashi hits the killer bee with a +0 dagger of draining!
Sinnashi drains the killer bee.
The killer bee dies!
The meliai hits Sinnashi with a +0 hand axe.
The meliai stings Sinnashi.
Sinnashi points at the meliai and mumbles some strange words.
The meliai struggles to resist.
The meliai hits Sinnashi but does no damage.
The meliai stings Sinnashi.
The killer bee stings Sinnashi but does no damage.
The meliai invokes the aid of its god against you.
Something smites you!
* * * LOW HITPOINT WARNING * * *
The killer bee barely misses Sinnashi.
Sinnashi hits the meliai with a +0 dagger of draining!!
Sinnashi drains the meliai.
The meliai dies!
Something barely misses Sinnashi.
Something barely misses Sinnashi.
As you read the scroll of teleportation, it crumbles to dust.
You feel strangely unstable.
Something barely misses Sinnashi.
The killer bee stings Sinnashi.
Sinnashi hits the killer bee with a +0 dagger of draining!!
The killer bee dies!
The meliai calls down the wrath of its god upon you.
Something smites you!
You die...

#......# #.......#
#......# #.......#
#......# #.......#
#......# #.......#
#......# #.......#
#......####.......#
####+###..#########
########.........#
.#...yy§.†R.....@#
.#....§#.y.......#
##.....#######..##
.............####
.............#
.............#
.............#
.............#
..R).........#


You could see the friendly Sinnashi the hexer (idealised) and a meliai.

Vanquished Creatures
  A red draconian (Volcano)
  A boulder beetle (Lair:6)
  6 hydras
  A catoblepas (Lair:2)
  5 two-headed ogres
  2 death yaks (Lair:6)
  A swamp dragon (Lair:6)
  3 lindwurms
  A manticore (Lair:6)
  6 elephants
  3 black mambas (Lair:6)
  2 molten gargoyles (Volcano)
  11 cane toads
  A torpor snail (Lair:6)
  4 rime drakes (Lair:6)
  A kobold demonologist (D:11)
  9 komodo dragons
  2 merfolk (Lair:3)
  A meliai (D:12)
  A troll (D:11)
  5 blink frogs
  9 dream sheep
  A vampire (D:8)
  3 shadows
  2 wyverns
  25 yaks
  2 fire bats (Volcano)
  A wraith (D:11)
  6 basilisks
  3 steam dragons
  Edmund (D:6)
  3 acid dragons
  7 water moccasins
  4 orc warriors
  A sky beast (D:7)
  4 black bears
  An ice beast (D:5)
  An ogre (D:4)
  15 wolves
  A kobold brigand (D:9)
  12 bullfrogs
  2 necrophages
  A gnoll sergeant (D:9)
  7 scorpions
  4 wights (D:8)
  A troll zombie (D:10)
  9 killer bees
  6 howler monkeys
  2 lava snakes (Volcano)
  A hound (D:6)
  4 orc priests
  7 jellies
  Crazy Yiuf (D:4)
  2 hexers
  8 iguanas
  5 orc wizards
  3 hell rats (Lair:4)
  2 ogre zombies (D:10)
  Robin (D:4)
  7 adders
  2 shadow imps
  A white imp (D:8)
  2 ufetubi (D:6)
  A worm (D:3)
  2 dart slugs
  21 orcs
  7 ball pythons
  8 bats
  8 endoplasms
  4 giant cockroaches
  4 hobgoblins
  10 jackals
  10 kobolds
  6 quokkas
  3 frilled lizards
  18 goblins
  2 goblin skeletons (D:10)
  3 goblin zombies (D:10)
  2 hobgoblin zombies (D:10)
  5 orc skeletons (D:10)
  7 orc zombies (D:10)
  3 rats
371 creatures vanquished.

Vanquished Creatures (collateral kills)
  Snorg (D:11)
  Fannar (D:10)
  A fire dragon (Lair:6)
  Josephine (D:11)
  An ogre mage (Volcano)
  Erica (D:11)
  2 hydras
  A catoblepas (Lair:6)
  2 death yaks (Lair:6)
  Nergalle (Lair:3)
  Sonja (D:11)
  A deep elf pyromancer (D:12)
  A cyclops (D:11)
  2 manticores
  7 elephants
  A black mamba (Lair:2)
  4 cane toads
  2 rime drakes
  An unseen horror (D:11)
  5 komodo dragons
  A troll (D:9)
  A meliai (D:12)
  A polar bear (Lair:4)
  4 blink frogs
  11 dream sheep
  A shadow (D:10)
  12 yaks
  A spriggan (Lair:2)
  5 wyverns
  3 wraiths
  2 steam dragons (Lair:6)
  7 water moccasins
  3 orc warriors
  9 wolves
  A centaur (D:9)
  2 bullfrogs
  A scorpion (D:9)
  A wight (D:8)
  9 killer bees
  A lava snake (Volcano)
  2 orc priests
  A jelly (Lair:6)
  2 iguanas (Lair:6)
  4 orc wizards
  5 hell rats
  5 ogre zombies (D:10)
  6 orcs
  A goblin (D:4)
  2 kobolds (D:9)
  A ball python (D:4)
  3 goblin zombies (D:10)
  A hobgoblin zombie (D:10)
  An orc skeleton (D:10)
  An orc zombie (D:10)
  A butterfly (D:7)
149 creatures vanquished.

Vanquished Creatures (others)
  24 hexers
  3 ancestors
  A bush (Lair:6)
  99 fungi
  151 plants
278 creatures vanquished.

Grand Total: 798 creatures vanquished

Notes
Turn   | Place    | Note
-------+----------+-------------------------------------------
     0 | D:1      | zishaf the Spriggan Hunter began the quest for the Orb.
     0 | D:1      | Reached XP level 1. HP: 10/10 MP: 2/2
    36 | D:1      | Reached skill level 5 in Slings
    57 | D:1      | Reached XP level 2. HP: 15/15 MP: 3/3
   383 | D:1      | Found a faded altar of an unknown god.
   387 | D:1      | Reached XP level 3. HP: 18/18 MP: 4/4
  1823 | D:3      | Reached XP level 4. HP: 23/23 MP: 5/5
  2092 | D:3      | Noticed a bullfrog
  2099 | D:3      | Killed a bullfrog
  2100 | D:3      | Reached skill level 6 in Slings
  2100 | D:3      | Reached skill level 1 in Spellcasting
  2100 | D:3      | Reached XP level 5. HP: 16/27 MP: 5/7
  2683 | D:4      | Noticed Robin
  2871 | D:4      | Noticed an ogre
  2876 | D:4      | Killed an ogre
  2877 | D:4      | Reached XP level 6. HP: 25/32 MP: 8/10
  2884 | D:4      | Learned a level 5 spell: Lee's Rapid Deconstruction
  3361 | D:4      | Reached skill level 1 in Earth Magic
  3424 | D:4      | Reached skill level 7 in Slings
  3476 | D:4      | Killed Robin
  3968 | D:4      | Found a runed translucent door.
  3969 | D:4      | Noticed Crazy Yiuf
  4050 | D:4      | Killed Crazy Yiuf
  4051 | D:4      | Reached XP level 7. HP: 36/36 MP: 11/11
  4126 | D:5      | Entered Level 5 of the Dungeon
  4417 | D:5      | Reached skill level 5 in Dodging
  4925 | D:6      | Identified the amulet "Akhor" {Faith rElec Int+5}
  5080 | D:6      | Reached skill level 1 in Evocations
  5113 | D:6      | Noticed Edmund
  5131 | D:6      | Identified the +6 dagger of the Heart {drain, rElec rN+
                  | MP+9}
  5146 | D:6      | Killed Edmund
  5147 | D:6      | Reached skill level 1 in Short Blades
  5226 | D:6      | You fall into a shaft and drop 3 floors!
  5328 | D:8      | Reached XP level 8. HP: 39/40 MP: 13/13
  5348 | D:8      | Reached skill level 8 in Slings
  6267 | D:7      | Found a staircase to the Ecumenical Temple.
  6276 | Temple   | Entered the Ecumenical Temple
  6680 | Temple   | Became a worshipper of Hepliaklqana the Forgotten
  7911 | D:7      | Reached * piety under Hepliaklqana
  8630 | D:8      | Reached skill level 9 in Slings
  8949 | D:8      | Reached XP level 9. HP: 40/40 MP: 14/14
  9275 | D:9      | Found a shadowy altar of Dithmenos.
  9595 | D:9      | Noticed a troll
  9605 | D:8      | Reached skill level 5 in Earth Magic
 10085 | D:9      | Noticed a troll
 10129 | D:8      | Reached skill level 10 in Slings
 10209 | D:9      | Reached skill level 5 in Evocations
 10242 | D:9      | Killed a troll
 10288 | D:9      | Reached XP level 10. HP: 39/45 MP: 11/15
 10615 | D:9      | Found a staircase to the Lair.
 10843 | D:10     | Entered Level 10 of the Dungeon
 10927 | D:10     | Found a shimmering altar of Xom.
 10942 | D:10     | Reached ** piety under Hepliaklqana
 10943 | D:10     | Remembered your ancestor Sinnashi as a hexer
 11191 | D:10     | Found a staircase to the Orcish Mines.
 11324 | D:10     | Reached skill level 5 in Fighting
 11559 | D:10     | Noticed a five-headed hydra
 11632 | D:10     | Killed a five-headed hydra
 11633 | D:10     | Reached skill level 5 in Short Blades
 11633 | D:10     | Reached skill level 11 in Slings
 11879 | D:10     | Noticed Fannar
 11892 | D:10     | Killed Fannar
 12283 | D:11     | Noticed Josephine
 12307 | D:11     | Killed Josephine
 12682 | D:11     | Noticed Sonja
 12692 | D:11     | Killed Sonja
 12693 | D:11     | Reached XP level 11. HP: 43/50 MP: 16/16
 12939 | D:11     | Reached *** piety under Hepliaklqana
 13049 | D:11     | Noticed Erica
 13059 | D:11     | Killed Erica
 13060 | D:11     | Reached skill level 12 in Slings
 13427 | D:11     | Noticed Snorg
 13439 | D:11     | Killed Snorg
 13742 | D:11     | Found a broken altar of Ashenzari.
 14194 | D:12     | Noticed a two-headed ogre
 14202 | D:12     | Killed a two-headed ogre
 14346 | Lair:1   | Entered Level 1 of the Lair of Beasts
 14570 | Lair:1   | Reached skill level 13 in Slings
 15054 | Lair:1   | Reached **** piety under Hepliaklqana
 15578 | Lair:2   | Noticed a catoblepas
 15608 | Lair:2   | Killed a catoblepas
 15649 | Lair:2   | Reached XP level 12. HP: 40/55 MP: 16/17
 15875 | Lair:2   | Found a hole to the Spider Nest.
 16380 | Lair:2   | Got the Tome of the Pure Knives
 16572 | Lair:2   | Reached skill level 1 in Invocations
 17016 | Lair:3   | Found a dark tunnel.
 17030 | Volcano  | Entered a volcano
 17432 | Volcano  | Reached skill level 14 in Slings
 17741 | Volcano  | Found a bloodstained altar of Trog.
 17741 | Volcano  | Noticed a two-headed ogre
 17741 | Volcano  | Noticed an ogre mage
 17741 | Volcano  | Noticed a two-headed ogre
 17741 | Volcano  | Noticed a two-headed ogre
 17752 | Volcano  | Killed an ogre mage
 17764 | Volcano  | Killed a two-headed ogre
 17767 | Volcano  | Killed a two-headed ogre
 17769 | Volcano  | Killed a two-headed ogre
 17827 | Volcano  | Noticed a two-headed ogre
 17829 | Volcano  | Killed a two-headed ogre
 17830 | Volcano  | Reached skill level 10 in Earth Magic
 17877 | Volcano  | Noticed a red draconian
 17901 | Volcano  | Killed a red draconian
 18077 | Lair:3   | Noticed Nergalle
 18113 | Lair:3   | Killed Nergalle
 18436 | Lair:3   | Reached ***** piety under Hepliaklqana
 19227 | Lair:3   | Found a staircase to the Shoals.
 19321 | Lair:3   | Reached skill level 15 in Slings
 19331 | Lair:3   | Reached XP level 13. HP: 41/60 MP: 18/18
 21016 | Lair:4   | Gained mutation: You have a somewhat thin skeletal
                  | structure. (Dex +2, Stealth+) [potion of mutation]
 22388 | Lair:5   | You fall into a shaft and drop 1 floor!
 22388 | Lair:6   | Entered Level 6 of the Lair of Beasts
 22388 | Lair:6   | Reached ****** piety under Hepliaklqana
 22830 | Lair:5   | Reached skill level 5 in Invocations
 22994 | Lair:5   | Reached skill level 16 in Slings
 24827 | Lair:6   | Found a staircase to the Slime Pits.
 24892 | Lair:6   | Reached XP level 14. HP: 66/66 MP: 18/19
 26129 | Lair:6   | Reached skill level 5 in Spellcasting
 29233 | Lair:6   | Found a staircase to the Slime Pits.
 30511 | D:12     | Killed from afar by a meliai

Illustrated notes

Levels and vault maps discovered:
D:1:      grunt_arrival_lava_bath, layout_basic, basic_ecumenical_altar,
          serial_forest, infiniplex_forest_lined_4_way,
          infiniplex_forest_zigzag_2, infiniplex_forest_lined_4_way,
          infiniplex_forest_end_2, infiniplex_forest_corner_1
D:2:      layout_loops_ring, serial_rivers, chequers_serial_rivers_large_a,
          chequers_serial_rivers_micro_a, chequers_serial_rivers_small_3,
          chequers_serial_rivers_large_b
D:3:      layout_basic
D:4:      layout_loops_ring, chequers_serial_rivers_micro_b,
          uniq_crazy_yiuf_cottage, uniq_robin
D:5:      layout_loops_cross
D:6:      layout_basic, due_unseen_surprise, uniq_edmund
D:7:      layout_cave_pods, minmay_temple_entry_butterflies
D:8:      layout_loops_ring
D:9:      layout_long_grid, grunt_dithmenos_smoke_and_mirrors,
          due_lair_maze_entry_diamond, kennysheep_generic_room_13
D:10:     layout_long_grid, general_overflow_altar, zombieorc2_lemuel,
          uniq_fannar
D:11:     layout_irregular_city, grunt_ministairs_8, dreamdust_wishing_well,
          evilmike_ruin_ashenzari, uniq_snorg, uniq_sonja, uniq_josephine,
          uniq_erica
D:12:     minmay_stone_box, layout_gridville, special_room [special_room_bee]
Temple:   mainiacjoe_temple_cubbyholes
Lair:1:   layout_hall_layers, beast_lair_carwin_3, lemuel_fruit_tree
Lair:2:   layout_misc_corridors, spider_nest_entry_web_field,
          chequers_serial_rivers_micro_e, grunt_forest_large_clearing_hut
Lair:3:   layout_layer_cave, elwin_shoals_entry_rooms, special_room,
          enter_volcano_4, serial_bayou_pond_e, uniq_nergalle
Lair:4:   layout_cellular_growth, grunt_megastairs_3
Lair:5:   layout_cave_pods
Lair:6:   hangedman_lair_in_review, layout_loops_ring, guppyfry_lair_end_dragon,
          nicolae_slime_entry_slimehenge

Skill      XL: |  1  2  3  4  5  6  7  8  9 10 11 12 13 14 |
---------------+-------------------------------------------+-----
Slings         | 5 6 7 9 10 11 13 15 16 | 16.0
Stealth        | 2 3 4 |  4.0
Dodging        | 3 4 5 6 7 8 9 |  9.1
Fighting       | 2 3 4 5 6 7 8 9 |  9.9
Spellcasting   | 1 2 3 6 |  6.2
Earth Magic    | 1 3 4 5 7 9 10 12 | 12.6
Evocations     | 1 3 5 6 |  6.3
Short Blades   | 1 2 4 5 6 8 |  8.0
Invocations    | 3 6 8 |  8.0

Action                   |  1- 3 |  4- 6 |  7- 9 | 10-12 | 13-15 || total
-------------------------+-------+-------+-------+-------+-------++-------
Melee: Dagger            |       |       |   175 |   305 |   463 ||   943
       Punch             |       |       |     3 |     6 |     8 ||    17
 Fire: Hunting sling     |   106 |   174 |   282 |   515 |   576 ||  1653
 Cast: Lee's Rapid Decon |       |       |       |       |     6 ||     6
Invok: Recall Ancestor   |       |       |     2 |       |    15 ||    17
       Ancestor Life: He |       |       |       |     1 |       ||     1
       Idealise          |       |       |       |       |     2 ||     2
       Transference      |       |       |       |       |     2 ||     2
Evoke: Wand              |       |       |     3 |     4 |     8 ||    15
  Use: Scroll            |       |    13 |     9 |     5 |     3 ||    30
       Potion            |       |       |       |     4 |     1 ||     5
 Stab: Confused          |       |       |       |    12 |    18 ||    30
       Distracted        |       |       |       |     8 |     8 ||    16
       Sleeping          |       |       |       |     4 |       ||     4
Armor: Robe              |     4 |     8 |    29 |    22 |       ||    63
       Steam dragon scal |       |       |       |     4 |    63 ||    67
Dodge: Dodged            |    24 |    36 |   213 |   306 |   503 ||  1082
Block: Other             |       |     1 |    72 |    12 |       ||    85
       Reflection        |       |       |     7 |       |       ||     7

Table legend: (Time is in decaauts)
 A = Elapsed time spent in this place.
 B = Non-inter-level travel time spent in this place.
 C = Inter-level travel time spent in this place.
 D = Time resting spent in this place.
 E = Time spent auto-exploring this place.
 F = Levels seen in this place.
 G = Mean time per level.
                   A        B        C        D        E       F      G
               +--------+--------+--------+--------+--------+-----+--------+
         Total |  27013 |  26146 |    867 |   5726 |  15531 |  20 | 1350.7 |
       Dungeon |  12712 |  12225 |    487 |   2399 |   7573 |  12 | 1059.3 |
        Temple |    270 |    193 |     77 |      0 |    188 |   1 |  270.0 |
          Lair |  13205 |  12903 |    302 |   2819 |   7770 |   6 | 2200.8 |
       Volcano |    825 |    825 |      0 |    507 |      0 |   1 |  825.0 |
               +--------+--------+--------+--------+--------+-----+--------+

Top non-repeatable levels by time:
  Lair:6: 4279 daAuts
  Lair:5: 3088 daAuts
    D:11: 1839 daAuts
     D:8: 1727 daAuts
  Lair:3: 1673 daAuts
  Lair:4: 1623 daAuts
    D:10: 1492 daAuts
  Lair:1: 1450 daAuts
     D:7: 1379 daAuts
     D:9: 1124 daAuts
  Lair:2: 1091 daAuts
     D:4: 882 daAuts
     D:3: 862 daAuts
     D:6: 835 daAuts
 Volcano: 825 daAuts
